 Dungeon Crawl Stone Soup version 0.30-a0-760-g5a9884bb7c (webtiles) character file.

Game seed: 11254602738920558448

33058 NinjaNoafa the Nimble (level 13, -1/63 HPs)
             Began as a Felid Summoner on Feb 9, 2023.
             Was an Initiate of Gozag.
             Killed by miscasting Storm Form (21 damage)
             ... on level 13 of the Dungeon on Feb 10, 2023.
             The game lasted 02:09:56 (22680 turns).

NinjaNoafa the Nimble (Felid Summoner)             Turns: 22680, Time: 02:09:57

Health: -1/63      AC:  3    Str:  4    XL:     13   Next: 34%
Magic:  24/37      EV: 27    Int: 27    God:    Gozag
Gold:   1059       SH:  0    Dex: 17    Spells: 0/32 levels left
                                        Lives:  0   Deaths: 4

rFire   + . .      SeeInvis +      - Unarmed
rCold   + . .      Faith    .    (shield unavailable)
rNeg    . . .      Spirit   .    (body armour unavailable)
rPois   .          Reflect  .    (helmet unavailable)
rElec   .          Harm     .    (cloak unavailable)
rCorr   +          Rampage  .    (gloves unavailable)
Will    +....                    (boots unavailable)
Stlth   ++                       G - amulet of magic regeneration
HPRegen 0.30/turn                D - ring of magical power
MPRegen 0.65/turn                t - ring of Boasum {rF+ rCorr Int+6 Slay+2}

@: gold aura, very slightly contaminated, quick
A: very small, claws 1, fangs 3, see invisible, speed 1, shaggy fur 3, stealthy
paws, no weapons or thrown items, no armour, multi-lived
a: Renounce Religion, Potion Petition, Call Merchant, Bribe Branch


You were on level 13 of the Dungeon.
You worshipped Gozag.
Gozag was most pleased with you.
You visited 5 branches of the dungeon, and saw 22 of its levels.
You also visited: Bailey.

You collected 6226 gold pieces.
You spent 2472 gold pieces at shops.
You paid 2695 gold pieces to Gozag.

Inventory:

Jewellery
 q - a ring of willpower
 t - the ring of Boasum (right paw) {rF+ rCorr Int+6 Slay+2}
   (You bought it in a shop on level 4 of the Lair of Beasts)

   [ring of intelligence]

   Int:       It affects your intelligence (+6).
   Slay:      It affects your accuracy & damage with ranged weapons and melee
   (+2).
   rF:        It protects you from fire.
   rCorr:     It protects you from acid and corrosion.
 D - a ring of magical power (left paw)
 G - an amulet of magic regeneration (around neck)
 J - a +6 ring of dexterity
 L - a ring of resist corrosion
Wands
 b - a wand of polymorph (7)
 e - a wand of flame (10)
 y - a wand of roots (8)
 z - a wand of paralysis (3)
 F - a wand of digging (13)
 I - a wand of light (10)
 K - a wand of mindburst (1)
Scrolls
 c - 3 scrolls of fear
 g - 8 scrolls of vulnerability
 j - 3 scrolls of silence
 k - 2 scrolls of summoning
 n - 4 scrolls of poison
 p - 2 scrolls of amnesia
 u - 4 scrolls of teleportation
 v - 2 scrolls of magic mapping
 x - 2 scrolls of torment
 B - a scroll of fog
Potions
 a - 3 potions of magic
 h - 4 potions of curing
 i - 5 potions of lignification
 l - 3 potions of attraction
 m - 6 potions of heal wounds
 r - 6 potions of haste
 s - 2 potions of flight
 w - 3 potions of cancellation
 C - 2 potions of might
 E - a potion of resistance {unknown}
 H - a potion of invisibility {unknown}
Miscellaneous
 d - a box of beasts
 f - a piece from Xom's chessboard (15/15)
 o - a phial of floods
 A - a lightning rod (4/4)


   Skills:
 + Level 11.2 Fighting
 + Level 13.9 Dodging
 - Level 2.6 Stealth
 + Level 1.8 Unarmed Combat
 - Level 10.0 Spellcasting
 - Level 5.0 Hexes
 - Level 10.0 Summonings
 - Level 0.6 Translocations
 + Level 11.4 Transmutations
 + Level 11.9 Air Magic
 - Level 4.0 Earth Magic
 - Level 6.0 Evocations


You couldn't memorise any spells.
You knew the following spells:

 Your Spells              Type           Power      Damage    Failure   Level
a - Tukima's Dance        Hex            40%        N/A       1%          3
b - Silence               Hex/Air        28%        N/A       3%          5
c - Call Canine Familiar  Summ           61%        N/A       1%          3
d - Summon Guardian Gole  Hex/Summ       52%        N/A       1%          3
e - Summon Lightning Spi  Summ/Air       64%        N/A       1%          4
f - Passwall              Tmut/Erth      44%        N/A       1%          2
g - Wereblood             Tmut           66%        N/A       1%          2
h - Storm Form            Tmut/Air       33%        N/A       30%         7
i - Swiftness             Air            67%        N/A       1%          3

Your spell library contained the following spells:

 Spells                   Type           Power      Damage    Failure   Level
 Sting                    Tmut/Pois      100%       1d8       1%          1
 Summon Small Mammal      Summ           100%       N/A       1%          1
 Call Imp                 Summ           61%        N/A       1%          2
 Cigotuvi's Dreadful Rot  Necr/Pois/Air  70%        N/A       1%          2
 Poisonous Vapours        Pois/Air       90%        N/A       1%          2
 Blade Hands              Tmut           33%        N/A       1%          5
 Ensorcelled Hibernation  Hex/Ice        54%        N/A       2%          2
 Apportation              Tloc           32%        N/A       3%          1
 Inner Flame              Hex/Fire       27%        N/A       4%          3
 Stone Arrow              Conj/Erth      48%        3d10      5%          3
 Cause Fear               Hex            20%        N/A       5%          4
 Sublimation of Blood     Necr           13%        N/A       6%          2
 Leda's Liquefaction      Hex/Erth       18%        N/A       7%          4
 Alistair's Intoxication  Tmut/Pois      29%        N/A       12%         5
 Ozocubu's Armour         Ice            13%        N/A       13%         3
 Freezing Cloud           Conj/Ice/Air   17%        6-21      24%         5
 Manifold Assault         Tloc           16%        N/A       32%         4
 Passage of Golubria      Tloc           16%        N/A       32%         4
 Dispel Undead            Necr           13%        3d9       38%         4
 Flame Wave               Conj/Fire      13%        2d6       38%         4
 Olgreb's Toxic Radiance  Pois           13%        N/A       38%         4
 Sticky Flame             Conj/Fire      13%        2d4       38%         4
 Summon Hydra             Summ           30%        N/A       52%         7
 Fireball                 Conj/Fire      6%         3d5       75%         5
 Maxwell's Capacitive Co  Air            33%        ∞         91%         8
 Dispersal                Tloc           8%         N/A       99%         6
 Death Channel            Necr           6%         N/A       100%        6
 Ozocubu's Refrigeration  Ice            6%         4d8       100%        7
 Discord                  Hex            20%        N/A       100%        8
 Disjunction              Tloc           8%         N/A       100%        8
 Lehudib's Crystal Spear  Conj/Erth      12%        10d4      100%        8
 Polar Vortex             Ice            6%         N/A       100%        9
 Animate Armour           Summ/Erth      Unusable   N/A       N/A         4
 Portal Projectile        Hex/Tloc       Unusable   N/A       N/A         3
 Simulacrum               Ice/Necr       Unusable   N/A       N/A         6

Dungeon Overview and Level Annotations

Branches:
Dungeon (13/15)            Temple (1/1) D:6            Lair (5/5) D:8
 Shoals (1/4) Lair:2       Spider (0/4) Lair:2        Slime (0/5) Lair:4
    Orc (2/2) D:10         Bailey (visited)
    Elf: Orc:2       Vaults: D:13-14

Altars:
Ashenzari
Cheibriados
Dithmenos
Elyvilon
Gozag
Makhleb
Qazlal
Ru
Trog
Uskayaw
Xom
Yredelemnul
Zin

Shops:
D:1 *   D:13 =:   Lair:4 =

Annotations:
D:9 1 runed translucent door, baller8008's ghost, journeyman DECj
D:11 1 runed translucent door
Lair:1 exclusion: 2 oklob plants
Lair:3 exclusion: oklob plant
Orc:1 1 runed translucent door, dolemite99's ghost, adept DjCj
Orc:2 Saint Roka


Innate Abilities, Weirdness & Mutations

You have sharp claws.
You have razor-sharp teeth.
You have supernaturally acute eyesight. (SInv)
You cover ground quickly. (Speed+)
Your thick and shaggy fur keeps you warm. (AC +3, rC+)
Your paws help you pounce on unaware monsters.
You are incapable of wielding weapons or throwing items.
You cannot wear armour.
You gain extra lives every three experience levels.


Message History

The centaur warrior shoots an arrow.
The arrow hits your guardian golem!
The vault guard is engulfed in blazing flames.
The vault guard hits your lightning spire with a +0 battleaxe!
The centaur warrior shoots an arrow.
The arrow hits your guardian golem!!
Your guardian golem overheats!
The vault guard hits your lightning spire with a +0 battleaxe.
Flame seeps out of your guardian golem.
The vault guard is engulfed in blazing flames.
Your lightning spire shoots out a bolt of lightning at the vault guard!
The bolt of electricity hits the vault guard! x2
Your guardian golem is engulfed in blazing flames.
Flame seeps out of your guardian golem.
The centaur warrior shoots an arrow.
The arrow barely misses your guardian golem.
The arrow completely misses you.
The vault guard hits your lightning spire with a +0 battleaxe!!
Your lightning spire is destroyed!
Your lightning spire disappears in a puff of smoke!
Your guardian golem disappears in a puff of smoke!
Your guardian golem explodes!
The fiery explosion engulfs the centaur warrior!!!
The vault guard is engulfed in blazing flames. x2
The vault guard shouts!
You hear a shout!
The centaur warrior is engulfed in blazing flames.
The centaur warrior shoots an arrow.
The arrow hits you!
* * * LOW HITPOINT WARNING * * *
The vault guard is engulfed in blazing flames.
A vault guard comes into view. It is wielding a +0 great mace.
The vault guard is engulfed in blazing flames.
You feel a bit more experienced.
Casting: Summon Lightning Spire (dangerous; 1% risk of failure)
Confirm with . or Enter, or press ? or * to list all spells.
A guardian golem appears, shielding your allies.
A vault guard comes into view. It is wielding a +0 war axe.
Casting: Summon Guardian Golem (safe; 1% risk of failure)
Confirm with . or Enter, or press ? or * to list all spells.
You miscast Storm Form.
You are very lightly contaminated with residual magic.
There is a short, sharp shower of sparks!!
You die...
Your body crumbles into a pile of gold.

##.####################
.......∩∩.......p......
#.######.######.#######
#.# #.# #.# #.# #.# #@#
#.######.#####
...c....9p.p§#
############pp§p.p.
######p


You could see 2 vault guards and a friendly guardian golem (summoned).

Vanquished Creatures
  3 boulder beetles
  A catoblepas (Lair:5)
  A two-headed ogre (D:12)
  A necromancer (D:10)
  A gargoyle (D:11)
  An unseen horror (D:11)
  A tengu conjurer (D:11)
  A troll (Orc:1)
  2 blink frogs (Lair:5)
  A wraith (D:11)
  An acid dragon (D:12)
  2 orc warriors
  An ogre (Orc:1)
  2 wolves (Lair:2)
  4 electric eels
  A hound (D:6)
  An orc priest (Orc:1)
  2 orc wizards (Orc:1)
  A gnoll (D:11)
  8 orcs
  A ball python (D:2)
  2 giant cockroaches
39 creatures vanquished.

Vanquished Creatures (collateral kills)
  Gastronok (Lair:1)
  Erica (D:8)
  A boulder beetle (D:11)
  A death yak (Lair:2)
  A goliath frog (Lair:5)
  A cyclops (D:11)
  2 oklob plants
  23 elephants
  2 black mambas
  Maurice (D:8)
  Maggie (D:6)
  10 cane toads
  2 unseen horrors
  A rime drake (Lair:5)
  6 komodo dragons
  2 trolls (Orc:1)
  2 tyrant leeches (Lair:5)
  24 blink frogs
  4 dream sheep
  A shadow (D:9)
  3 wyverns
  A vampire (D:9)
  19 yaks
  2 steam dragons
  6 vampire mosquitoes
  A basilisk (Lair:1)
  A warg (Orc:1)
  2 acid dragons
  7 water moccasins
  A floating eye (Lair:1)
  3 ice beasts
  A sky beast (D:8)
  11 orc warriors
  2 black bears
  4 ogres
  A boggart (D:11)
  5 wolves
  4 centaurs
  Blork the orc (D:6)
  10 bullfrogs
  A bullfrog (shapeshifter) (D:9)
  3 kobold brigands
  A necrophage (D:6)
  A gnoll sergeant (D:7)
  A scorpion (D:5)
  9 wights
  21 killer bees
  3 howler monkeys
  3 lava snakes (Lair:3)
  13 jellies (Lair:4)
  A hound (D:4)
  2 gnoll boudas
  9 orc priests
  Terence (D:2)
  17 orc wizards
  4 polar bear simulacra (D:10)
  A yak simulacrum (D:10)
  4 wolf simulacra (D:10)
  Robin (D:4)
  9 gnolls
  11 adders
  An ufetubus (D:7)
  3 worms
  3 dart slugs
  65 orcs
  3 bats (D:2)
  10 endoplasms
  3 giant cockroaches
  16 goblins
  7 hobgoblins
  5 jackals
  18 kobolds
  3 quokkas
  5 ball pythons
  8 frilled lizards
  8 rats
  2 river rat simulacra (D:10)
  3 butterflies (Lair:1)
451 creatures vanquished.

Vanquished Creatures (others)
  Rupert (Lair:4)
  A sphinx (D:11)
  An orc warlord (Orc:1)
  An ettin (D:11)
  4 hydras
  2 centaur warriors
  6 death yaks
  A goliath frog (Lair:5)
  2 orc knights
  Pikel (D:6)
  An oklob plant (Lair:1)
  2 wolf spiders (D:11)
  A manticore (D:11)
  Joseph (D:7)
  10 elephants
  A black mamba (Lair:2)
  A torpor snail (Lair:5)
  Psyche (D:9)
  7 cane toads
  A troll (D:11)
  A meliai (D:11)
  A polar bear (Lair:3)
  A hornet (D:8)
  A blink frog (Lair:5)
  A dream sheep (Lair:3)
  A wraith (D:9)
  2 wyverns (D:9)
  18 yaks
  3 basilisks
  A vampire mosquito (D:11)
  A steam dragon (D:9)
  Menkaure (D:5)
  An acid dragon (D:11)
  4 water moccasins (Lair:2)
  10 orc warriors
  2 black bears
  An ice beast (D:6)
  5 wolves
  2 ogres (D:5)
  A centaur (D:11)
  A lemure (D:6)
  2 bullfrogs
  2 gnoll sergeants
  3 scorpions (D:5)
  4 wights (D:9)
  4 killer bees
  A hound (D:6)
  An iguana (D:7)
  An orc wizard (D:8)
  4 gnolls
  A shadow imp (D:6)
  7 orcs
  A bush (D:6)
  58 fungi
  146 plants
340 creatures vanquished.

Grand Total: 830 creatures vanquished

Notes
Turn   | Place    | Note
-------+----------+-------------------------------------------
     0 | D:1      | NinjaNoafa the Felid Summoner began the quest for the Orb.
     0 | D:1      | Reached XP level 1. HP: 7/7 MP: 4/4
   143 | D:1      | Reached XP level 2. HP: 11/11 MP: 1/6
   146 | D:1      | Learned a level 2 spell: Call Imp
   209 | D:1      | Found Wotza's General Store.
   404 | D:1      | Reached XP level 3. HP: 14/14 MP: 2/8
   550 | D:2      | Noticed Terence
   572 | D:2      | Killed Terence
   618 | D:2      | Upgraded the game from 0.30-a0-757-ga6a79fd877 to
                  | 0.30-a0-760-g5a9884bb7c
   719 | D:2      | Reached XP level 4. HP: 12/18 MP: 1/9
   723 | D:2      | Learned a level 3 spell: Call Canine Familiar
   754 | D:2      | Reached skill level 5 in Summonings
  1488 | D:3      | Found a faded altar of an unknown god.
  1631 | D:3      | Learned a level 3 spell: Summon Guardian Golem
  1755 | D:4      | Reached XP level 5. HP: 21/21 MP: 7/11
  1813 | D:4      | Reached skill level 1 in Hexes
  1929 | D:4      | Found a white marble altar of Elyvilon.
  1943 | D:4      | Noticed a black bear
  1956 | D:4      | Killed a black bear
  1957 | D:4      | Gained mutation: You are covered in thick fur. (AC +2)
                  | [Felid growth]
  1957 | D:4      | Reached XP level 6. HP: 24/24 MP: 5/13
  2011 | D:4      | Noticed Robin
  2234 | D:4      | Killed Robin
  2477 | D:5      | Entered Level 5 of the Dungeon
  2696 | D:5      | Reached XP level 7. HP: 17/27 MP: 2/15
  2960 | D:5      | Noticed Menkaure
  2970 | D:5      | Killed Menkaure
  3053 | D:5      | Found a basalt altar of Yredelemnul.
  3092 | D:5      | Reached skill level 5 in Spellcasting
  3092 | D:5      | Reached skill level 5 in Hexes
  3157 | D:5      | Reached skill level 3 in Dodging
  3300 | D:5      | Reached skill level 1 in Fighting
  3419 | D:5      | Reached XP level 8. HP: 32/32 MP: 11/17
  3773 | D:6      | Killed from afar by an orc priest
  3774 | D:6      | Reached XP level 7. HP: -4/28 MP: 10/16
  3775 | D:6      | Noticed a yak
  3794 | D:6      | Killed a yak
  3803 | D:6      | Reached skill level 4 in Dodging
  3889 | D:6      | Reached XP level 8. HP: 34/34 MP: 5/18
  3957 | D:6      | Found a staircase to the Ecumenical Temple.
  3970 | Temple   | Entered the Ecumenical Temple
  3986 | Temple   | Became a worshipper of Gozag Ym Sagoz the Greedy
  4162 | D:1      | Bought 2 potions of heal wounds for 140 gold pieces
  4162 | D:1      | Bought a scroll of vulnerability for 56 gold pieces
  4463 | D:6      | Noticed Pikel
  4477 | D:6      | Killed Pikel
  4478 | D:6      | Reached skill level 5 in Dodging
  4512 | D:6      | Noticed Blork the orc
  4524 | D:6      | Killed Blork the orc
  4677 | D:6      | Reached skill level 1 in Air Magic
  4712 | D:6      | Noticed Maggie
  4730 | D:6      | Found a stormy altar of Qazlal.
  4751 | D:6      | Killed Maggie
  4752 | D:6      | Reached XP level 9. HP: 13/38 MP: 9/21
  4757 | D:6      | Learned a level 4 spell: Summon Lightning Spire
  4867 | D:7      | Found a flagged portal.
  4883 | Bailey   | Entered a bailey
  5276 | Bailey   | Noticed an orc knight
  5303 | Bailey   | Killed an orc knight
  5304 | Bailey   | Reached skill level 6 in Dodging
  5657 | D:7      | Identified the +0 leather armour "Jouq" {Will- Str+2
                  | Stlth+}
  5831 | D:7      | Reached XP level 10. HP: 43/43 MP: 18/23
  5913 | D:7      | Noticed Joseph
  5926 | D:7      | Killed Joseph
  5927 | D:7      | Reached skill level 7 in Dodging
  6193 | D:8      | Noticed a moth of wrath
  6196 | D:8      | Found a bloodstained altar of Trog.
  6301 | D:8      | Noticed Erica
  6326 | D:8      | Killed Erica
  6413 | D:8      | Noticed a death yak
  6434 | D:8      | Killed a death yak
  6435 | D:8      | Reached skill level 5 in Air Magic
  6496 | D:8      | Noticed an elephant
  6509 | D:8      | Killed an elephant
  6701 | D:8      | Found a staircase to the Lair.
  6866 | D:8      | Noticed Maurice
  6870 | D:8      | Killed Maurice
  6947 | D:8      | Reached XP level 11. HP: 49/49 MP: 20/24
  7006 | D:8      | Found a hide-covered altar of Uskayaw.
  7006 | D:8      | Found a glowing silver altar of Zin.
  7418 | Lair:1   | Entered Level 1 of the Lair of Beasts
  7464 | Lair:1   | Reached skill level 8 in Dodging
  7466 | Lair:1   | Reached skill level 10 in Summonings
  7853 | Lair:1   | Reached skill level 9 in Dodging
  8056 | Lair:1   | Noticed Gastronok
  8110 | Lair:1   | Killed Gastronok
  8111 | Lair:1   | Reached skill level 10 in Dodging
  8546 | Lair:1   | Noticed an oklob plant
  8585 | Lair:1   | Gained mutation: Your thick and shaggy fur keeps you warm.
                  | (AC +3, rC+) [Felid growth]
  8585 | Lair:1   | Reached XP level 12. HP: 52/56 MP: 8/26
  8963 | D:1      | Bought 2 potions of haste for 280 gold pieces
  8963 | D:1      | Bought a book of the Sky for 616 gold pieces
  8963 | D:1      | Bought a lightning rod (4/4) for 420 gold pieces
  9170 | Lair:2   | Found a staircase to the Shoals.
  9262 | Lair:2   | Reached skill level 1 in Evocations
  9307 | Lair:2   | Reached skill level 10 in Spellcasting
  9326 | Lair:2   | Noticed a death yak
  9327 | Lair:2   | Noticed a death yak
  9330 | Lair:2   | Noticed a death yak
  9345 | Lair:2   | Noticed a death yak
  9347 | Lair:2   | Noticed a death yak
  9349 | Lair:2   | Noticed a death yak
  9376 | Lair:2   | Killed a death yak
  9404 | Lair:2   | Killed a death yak
  9417 | Lair:2   | Killed a death yak
  9418 | Lair:2   | Reached skill level 5 in Evocations
  9472 | Lair:2   | Killed a death yak
  9473 | Lair:2   | Reached skill level 1 in Transmutations
  9625 | Lair:2   | Killed a death yak
  9626 | Lair:2   | Reached skill level 11 in Dodging
  9633 | Lair:2   | Killed a death yak
 10305 | Lair:2   | Found a hole to the Spider Nest.
 10418 | Lair:2   | Learned a level 2 spell: Passwall
 10422 | Lair:2   | Learned a level 3 spell: Swiftness
 10438 | Shoals:1 | Entered Level 1 of the Shoals
 10782 | Lair:3   | Reached skill level 1 in Earth Magic
 11171 | Lair:4   | Reached XP level 13. HP: 58/61 MP: 18/28
 11641 | Lair:4   | Found a staircase to the Slime Pits.
 11675 | Lair:4   | Reached skill level 12 in Dodging
 11933 | Lair:4   | Noticed Rupert
 11999 | Lair:4   | Reached skill level 5 in Transmutations
 12016 | Lair:5   | Entered Level 5 of the Lair of Beasts
 12635 | Lair:5   | Reached skill level 10 in Fighting
 13043 | Lair:4   | Killed Rupert
 13265 | Lair:5   | HP: 1/61 [cane toad (12)]
 13265 | Lair:5   | Mangled by a cane toad
 13266 | Lair:5   | Reached XP level 12. HP: -7/58 MP: 36/36
 13280 | Lair:5   | Reached XP level 13. HP: 47/61 MP: 28/28
 13300 | Lair:5   | Mangled by a cane toad
 13301 | Lair:5   | Reached XP level 12. HP: -12/58 MP: 32/36
 13311 | Lair:5   | Reached skill level 10 in Air Magic
 13675 | D:8      | HP: 1/58 [komodo dragon (18)]
 14165 | Lair:1   | HP: 2/58 [oklob plant/splash of acid (28)]
 14503 | Lair:3   | Reached XP level 13. HP: 44/62 MP: 28/28
 14634 | Lair:4   | Bought the ring of Boasum {rF+ rCorr Int+6 Slay+2} for 960
                  | gold pieces
 14754 | Lair:5   | Reached skill level 13 in Dodging
 15491 | Lair:5   | Reached skill level 10 in Transmutations
 16939 | D:9      | Noticed baller8008's ghost (journeyman DECj)
 16976 | D:9      | Found a runed translucent door.
 17413 | D:9      | Noticed Psyche
 17421 | D:9      | Killed Psyche
 17701 | D:10     | Entered Level 10 of the Dungeon
 17795 | D:10     | Found a staircase to the Orcish Mines.
 18261 | D:10     | Found a snail-covered altar of Cheibriados.
 18352 | D:11     | Found a runed translucent door.
 18353 | D:11     | Noticed an ettin
 18355 | D:11     | Found a runed translucent door.
 18355 | D:11     | Found a runed translucent door.
 18376 | D:11     | Killed an ettin
 18586 | D:11     | HP: 3/63 [centaur warrior/arrow (26)]
 19247 | Lair:5   | Learned a level 7 spell: Storm Form
 19375 | Orc:1    | Entered Level 1 of the Orcish Mines
 19879 | D:11     | Noticed a sphinx
 19896 | D:11     | Killed a sphinx
 19897 | D:11     | Reached XP level 14. HP: 67/67 MP: 29/29
 19901 | D:11     | HP: 2/67 [poisoned by a wolf spider]
 20314 | Orc:1    | Found a runed translucent door.
 20317 | Orc:1    | Noticed dolemite99's ghost (adept DjCj)
 20341 | Orc:1    | Noticed an orc warlord
 20389 | Orc:1    | Killed an orc warlord
 20854 | Orc:2    | Entered Level 2 of the Orcish Mines
 20894 | Orc:2    | Noticed Saint Roka
 21708 | D:11     | Learned a level 2 spell: Wereblood
 21741 | D:11     | Reached skill level 1 in Unarmed Combat
 21849 | D:11     | Got the Catalogue of the Cockatrice
 21850 | D:11     | Identified the +0 short sword "Fiaprin" {venom, rPois rC-
                  | rCorr Str+3}
 21851 | D:11     | Identified the +1 flail of Foul Odours {freeze, Will+
                  | Str+5}
 22003 | D:11     | Learned a level 3 spell: Tukima's Dance
 22011 | D:11     | Learned a level 5 spell: Silence
 22619 | D:13     | Shot with an arrow by a centaur warrior
 22620 | D:13     | Reached XP level 13. HP: -8/63 MP: 31/37
 22680 | D:13     | Killed by miscasting Storm Form

Illustrated notes

Levels and vault maps discovered:
D:1:      wander_arrival_abandoned_jail, layout_rooms, serial_shops, shop
D:2:      layout_loops_ring, uniq_terence
D:3:      layout_basic, shapermc_ecumenical_altar_acropolis
D:4:      layout_basic, lemuel_mausoleum_altar_kikubaaqudgha, elyvilon_altar_5,
          uniq_robin
D:5:      layout_basic, kennysheep_mini, uniq_menkaure
D:6:      layout_cave_pools, nicolae_qazlal_general_emergency,
          minmay_temple_entry_glass, serial_glass, glass_columns_c,
          glass_columns_a, glass_columns_b, glass_columns_c, glass_columns_a,
          glass_columns_c, st_stairs_4, minmay_hedge_maze,
          hellmonk_bongcloud_opening, amcnicky_mini_pool_small, uniq_maggie,
          uniq_pikel, uniq_blork_the_orc
D:7:      layout_loops_cross, enter_bailey_2, uniq_joseph
D:8:      layout_loops_ring, tgw_trog, nicolae_overflow_two_pavilions,
          david_lair_generic, corexii_leaking_fountain, uniq_erica, uniq_maurice
D:9:      layout_basic, hellmonk_ghost_big_iron, kennysheep_big_empty_room,
          grunt_ministairs_8, kennysheep_kite_vault, uniq_psyche
D:10:     layout_rooms, mainiacjoe_overflow_tiny_flanked, david_orc_2,
          serial_corexii_hall, corexii_hall_statues_t, corexii_hall_statues_i,
          eino_house_with_fridge
D:11:     minmay_the_grid_four_pointed_star [minmay_the_grid_triangle_9x9_empty,
          minmay_the_grid_triangle_9x9_dagger,
          minmay_the_grid_triangle_9x9_fully_insulated_deathbox,
          minmay_the_grid_triangle_9x9_longest,
          minmay_the_grid_prize_diamond_cup], layout_stronghold
D:12:     minmay_inner_zag, layout_small_grid, guppyfry_shop_blood
D:13:     layout_small_grid, erik_vaults_2
Temple:   eino_temple_water
Lair:1:   layout_roguey, disabler_island, lemuel_fruit_tree,
          lemuel_fruit_fields, uniq_gastronok
Lair:2:   layout_loops_ring, shoals_dummy_entry, dummy_spider_entry
Lair:3:   layout_regular_city, nicolae_lair_liquid_snakes, serial_bayou_shore_a,
          serial_bayou_shore_b, grunt_megastairs_1
Lair:4:   layout_regular_city, minmay_slime_entry_jelly_boxes, dpeg_oklob_1,
          uniq_rupert
Lair:5:   minmay_lair_end_frog_pond, layout_regular_city, minivault_26,
          infiniplex_staircase_pool_2
Shoals:1: layout_shoals, nicolae_shoals_lost_giant_temple,
          nicolae_shoals_this_corrosion, uniq_mlioglotl
Orc:1:    layout_caves, ebering_ghost_inner_flame, mines1_david
Orc:2:    grunt_orc_tribal_feast, layout_caves, basic_altar, uniq_saint_roka,
          uniq_azrael

Skill      XL: |  1  2  3  4  5  6  7  8  9 10 11 12 13 14 |
---------------+-------------------------------------------+-----
Spellcasting   | 3 4 6 7 8 9 10 | 10.0
Summonings     | 5 6 7 8 9 10 | 10.0
Hexes          | 2 4 5 |  5.0
Dodging        | 4 5 6 7 10 11 13 | 13.9
Fighting       | 2 3 4 6 8 9 11 | 11.2
Air Magic      | 2 3 7 10 11 | 11.9
Evocations     | 5 6 |  6.0
Transmutations | 9 10 11 | 11.4
Earth Magic    | 1 4 |  4.0
Unarmed Combat | 1 |  1.8
Stealth        | |  2.6
Translocations | |  0.6

Action                     |  1- 3 |  4- 6 |  7- 9 | 10-12 | 13-15 || total
---------------------------+-------+-------+-------+-------+-------++-------
  Melee: Unarmed           |     5 |    25 |    18 |    19 |    60 ||   127
         Bite              |       |     5 |     2 |     4 |     1 ||    12
         Punch             |       |     1 |       |       |     1 ||     2
   Cast: Summon Small Mamm |    35 |    24 |    27 |    27 |    40 ||   153
         Call Imp          |     7 |    12 |    15 |    21 |    27 ||    82
         Call Canine Famil |       |    21 |    25 |    50 |    72 ||   168
         Summon Guardian G |       |     6 |    30 |    67 |   112 ||   215
         Summon Lightning  |       |       |    13 |    53 |    75 ||   141
         Swiftness         |       |       |       |     3 |     9 ||    12
         Passwall          |       |       |       |     1 |    33 ||    34
         Tukima's Dance    |       |       |       |       |     2 ||     2
         Storm Form        |       |       |       |       |    11 ||    11
         Wereblood         |       |       |       |       |     3 ||     3
 Invoke: Call Merchant     |       |       |       |     1 |     2 ||     3
Ability: Blinkbolt         |       |       |       |       |    16 ||    16
         End Transformatio |       |       |       |       |     1 ||     1
  Evoke: Wand              |       |       |       |     8 |    15 ||    23
         Lightning rod     |       |       |       |     2 |     1 ||     3
    Use: Potion            |       |     2 |       |     2 |     4 ||     8
         Scroll            |       |       |     5 |     9 |    11 ||    25
   Stab: Distracted        |       |     1 |     1 |       |     1 ||     3
         Betrayed ally     |       |       |       |     1 |       ||     1
         Paralysed         |       |       |       |     2 |       ||     2
 Armour: Skin              |     3 |     5 |     4 |    14 |    25 ||    51
  Dodge: Dodged            |    38 |    89 |    76 |   297 |   503 ||  1003

Table legend: (Time is in decaauts)
 A = Elapsed time spent in this place.
 B = Non-inter-level travel time spent in this place.
 C = Inter-level travel time spent in this place.
 D = Time resting spent in this place.
 E = Time spent auto-exploring this place.
 F = Levels seen in this place.
 G = Mean time per level.
                   A        B        C        D        E       F      G
               +--------+--------+--------+--------+--------+-----+--------+
         Total |  20020 |  16889 |   3131 |   2239 |   1942 |  23 |  870.4 |
       Dungeon |  11166 |   9334 |   1832 |    766 |   1344 |  13 |  858.9 |
        Temple |     25 |     14 |     11 |      0 |      0 |   1 |   25.0 |
          Lair |   6937 |   5920 |   1017 |   1263 |    209 |   5 | 1387.4 |
        Shoals |      1 |      1 |      0 |      0 |      0 |   1 |    1.0 |
  Orcish Mines |   1378 |   1108 |    270 |    147 |    321 |   2 |  689.0 |
        Bailey |    510 |    510 |      0 |     62 |     66 |   1 |  510.0 |
               +--------+--------+--------+--------+--------+-----+--------+

Top non-repeatable levels by time:
     D:8: 1999 daAuts
  Lair:5: 1958 daAuts
  Lair:1: 1762 daAuts
    D:11: 1388 daAuts
   Orc:1: 1326 daAuts
     D:9: 1215 daAuts
  Lair:4: 1213 daAuts
  Lair:2: 1166 daAuts
    D:10: 1095 daAuts
     D:5: 934 daAuts
     D:7: 854 daAuts
  Lair:3: 835 daAuts
     D:4: 825 daAuts
     D:6: 742 daAuts
     D:2: 650 daAuts
